 Dungeon Crawl Stone Soup version 0.19-a0-559-ga3d69d0 (webtiles) character file.

79 ololoev the Magician (level 4, -2/24 HPs)
             Began as a Deep Elf Fire Elementalist on June 8, 2016.
             Killed by divine providence
             ... invoked by an orc priest
              (8 damage)
             ... on level 4 of the Dungeon.
             The game lasted 00:03:08 (396 turns).

ololoev the Magician (Deep Elf Fire Elementalist)    Turns: 396, Time: 00:03:08

Health: -2/24      AC:  2    Str:  5    XL:     4   Next: 17%
Magic:  0/12       EV: 13    Int: 21    God:
Gold:   25         SH:  0    Dex: 15    Spells: 3 memorised, 4 levels left

rFire  . . .     SeeInvis .     (no weapon)
rCold  . . .     Gourm    .     a - +0 robe
rNeg   . . .     Faith    .     (no shield)
rPois  .         Spirit   .     (no helmet)
rElec  .         Dismiss  .     (no cloak)
rCorr  .         Reflect  .     (no gloves)
SustAt .         Harm     .     (no boots)
MR     .....                    (no amulet)
Stlth  ++........               (no ring)
                                (no ring)

@: not resistant to hostile enchantments, unstealthy
A: no striking features
a: no special abilities

Inventory:

Armour
 a - a +0 robe (worn)
 j - a +2 shield of cold resistance
Scrolls
 d - a scroll of random uselessness {unknown}
 e - a scroll of identify {unknown}
 l - a scroll of magic mapping {unknown}
Potions
 f - a potion of flight {unknown}
 g - a potion of heal wounds {unknown}
 h - 2 potions of degeneration {unknown}
 i - a potion of brilliance {unknown}
 k - 2 potions of might {unknown}
Books
 b - a book of Flames

   Spells                             Type                      Level
   a - Flame Tongue                   Conjuration/Fire             1
   b - Throw Flame                    Conjuration/Fire             2
   c - Conjure Flame                  Conjuration/Fire             3
   d - Inner Flame                    Hexes/Fire                   3
   e - Sticky Flame                   Conjuration/Fire             4
   f - Fireball                       Conjuration/Fire             5
Comestibles
 c - 4 bread rations


   Skills:
 - Level 2.4 Dodging
 - Level 2.4 Stealth
 + Level 4.0 Spellcasting
 * Level 3.3 Conjurations
 + Level 3.8 Fire Magic


You had 4 spell levels left.
You knew the following spells:

 Your Spells              Type           Power        Failure   Level  Hunger
a - Flame Tongue          Conj/Fire      ###..        2%          1    None
b - Conjure Flame         Conj/Fire      ###.....     10%         3    ###....
e - Inner Flame           Hex/Fire       ##......     21%         3    ###....


You were on level 4 of the Dungeon.
You were not hungry.

You visited 1 branch of the dungeon, and saw 4 of its levels.

You collected 25 gold pieces.

### ####.###
##....#.## #....#...##
##.........###
##.†)....>....## #
##..)...........##
#.##............<...##
#...@...............#
#.o..................
#....................
#....................#
##..................#.
#....................
#.................##.
##.....[.........## #
#..............##

Notes
Turn   | Place    | Note
--------------------------------------------------------------
     0 | D:1      | ololoev the Deep Elf Fire Elementalist began the quest for the Orb.
     0 | D:1      | Reached XP level 1. HP: 10/10 MP: 6/6
    77 | D:2      | Reached XP level 2. HP: 15/15 MP: 2/8
   293 | D:4      | Reached XP level 3. HP: 13/19 MP: 0/10
   298 | D:4      | Learned a level 3 spell: Conjure Flame
   302 | D:4      | Learned a level 3 spell: Inner Flame
   315 | D:4      | Reached XP level 4. HP: 13/24 MP: 0/11
   373 | D:4      | Reached skill level 4 in Spellcasting
   396 | D:4      | Killed from afar by an orc priest

Dungeon Overview and Level Annotations

Branches:
Dungeon (4/15)
 Temple: D:4-7

Altars:


Message History

Casting: Flame Tongue
Confirm with . or Enter, or press ? or * to list all spells.
Aiming: Flame Tongue
Press: ? - help, Shift-Dir - straight line, f/p - orc
Aim: an orc (moderately wounded)
The flame tongue hits the orc.
You kill the orc!
Casting: Flame Tongue
Confirm with . or Enter, or press ? or * to list all spells.
Aiming: Flame Tongue
Press: ? - help, Shift-Dir - straight line, f - orc
Aim: an orc, wielding a trident The flame tongue hits the orc.
You kill the orc!
Casting: Flame Tongue
Confirm with . or Enter, or press ? or * to list all spells.
Aiming: Flame Tongue
Press: ? - help, Shift-Dir - straight line, f - orc
Aim: an orc, wielding a mace and wearing a chain mail The flame tongue hits the orc.
The orc appears unharmed.
Casting: Flame Tongue
Confirm with . or Enter, or press ? or * to list all spells.
Aiming: Flame Tongue
Press: ? - help, Shift-Dir - straight line, f/p - orc
Aim: an orc, wielding a mace and wearing a chain mail The flame tongue hits the orc.
You kill the orc!
Things that are here:
a mace; a chain mail You see here an orc corpse.
Things that are here:
a trident; a dagger; an orc corpse An orc priest comes into view.
It is wielding a dagger.
Casting: Flame Tongue
Confirm with . or Enter, or press ? or * to list all spells.
Aiming: Flame Tongue
Press: ? - help, Shift-Dir - straight line, f - orc priest
Aim: an orc priest, wielding a dagger and wearing a chain mail (hasn't noticed you)
The flame tongue hits the orc priest.
The orc priest is moderately wounded.
The orc priest shouts!
The orc priest hits you with a dagger.
You hit the orc priest but do no damage.
The orc priest is moderately wounded.
The orc priest miscasts a cantrip.
You hit the orc priest but do no damage.
The orc priest is moderately wounded.
The orc priest hits you but does no damage.
You closely miss the orc priest.
The orc priest is moderately wounded.
The orc priest barely misses you.
You barely miss the orc priest.
The orc priest is moderately wounded.
The orc priest hits you but does no damage.
You hit the orc priest.
The orc priest is heavily wounded.
The orc priest hits you with a dagger.
You hit the orc priest but do no damage.
The orc priest is heavily wounded.
The orc priest completely misses you.
You hit the orc priest.
The orc priest is severely wounded.
The orc priest looks braver for a moment.
You hit the orc priest but do no damage.
The orc priest is severely wounded.
The orc priest hits you with a dagger.
You closely miss the orc priest.
The orc priest is severely wounded.
The orc priest misses you.
Casting: Flame Tongue
Confirm with . or Enter, or press ? or * to list all spells.
Aiming: Flame Tongue
Press: ? - help, Shift-Dir - straight line, f/p - orc priest
Aim: an orc priest, wielding a dagger and wearing a chain mail (severely wounded)
The flame tongue hits the orc priest.
The orc priest appears unharmed.
The orc priest is severely wounded.
The orc priest miscasts a cantrip.
The orc priest mumbles some strange prayers to Beogh against you.
Beogh smites you!
You die...

You could see an orc priest.

Vanquished Creatures
  A centaur skeleton (D:4)
  A worker ant (D:4)
  A dart slug (D:1)
  2 giant geckos
  4 orcs (D:4)
  A giant cockroach (D:2)
  2 hobgoblins
  2 kobolds (D:2)
  A ball python (D:2)
  A bat (D:2)
  A giant newt (D:1)
  A goblin (D:2)
  2 rats
20 creatures vanquished.

Action                   |  1- 3 |  4- 6 || total
-------------------------+-------+-------++-------
Melee: Unarmed           |     3 |     9 ||    12
 Cast: Flame Tongue      |    25 |    10 ||    35
       Conjure Flame     |     1 |       ||     1
Armor: Robe              |       |     1 ||     1
Dodge: Dodged            |    14 |     3 ||    17

Vault maps used:
D:1:      minmay_arrival_glassed_features
D:2:      lemuel_doored_altar
D:3:      bloody_trog, first_bread
D:4:      portal_sewer_entry_b, roderic_serpentine_path
